[ AOE2 MATCH · #506228919 ]
UnrankedJapanese vs Cumans
Player's team · WIN
Rival team · LOSS
[ REPLAY ANALYSIS · EXTRACTED FROM THE RECORDED GAME ]
Feudal
8:52
Castle
—
Imperial
—
| APM avg | 65.9 |
| APM peak | 86 |
| eAPM avg | 17.5 |
| Villagers / military | 25 / 3 |
Focus
⚔️ 22.3% · 🌾 77.7%
Militia ×3
Feudal
8:50
Castle
—
Imperial
—
| APM avg | 64.1 |
| APM peak | 91 |
| eAPM avg | 28.9 |
| Villagers / military | 19 / 0 |
Focus
⚔️ 54.1% · 🌾 45.9%
Match map
Initial resources + every placement click. Lines = walls · curves = elevation contours. ◆ gold · ⬟ stone · ● berries · ✦ relic · ◌ wall gap
Your base
NOC | shiXo.#'s base
Smoothed initial terrain · ◌ = detected wall gap · hover for details
Inputs per minute
— CNZS_98T - - NOC | shiXo.#
Build order — CNZS_98T
44 actions detected in the replay
| 0:00 | Queue | Villager (Male) |
| 0:01 | Queue | Villager (Male) |
| 0:01 | Queue | Villager (Male) |
| 0:02 | Build | House |
| 0:03 | Build | House |
| 0:08 | Queue | Villager (Male) |
| 0:08 | Queue | Villager (Male) |
| 1:35 | Queue | Villager (Male) |
| 1:35 | Queue | Villager (Male) |
| 1:51 | Build | Lumber Camp |
| 2:00 | Queue | Villager (Male) |
| 2:00 | Queue | Villager (Male) |
| 2:19 | Queue | Villager (Male) |
| 2:20 | Queue | Villager (Male) |
| 2:48 | Queue | Villager (Male) |
| 3:01 | Queue | Villager (Male) |
| 3:02 | Queue | Villager (Male) |
| 3:11 | Build | House |
| 3:29 | Queue | Villager (Male) |
| 3:52 | Queue | Villager (Male) |
| 4:17 | Queue | Villager (Male) |
| 4:17 | Queue | Villager (Male) |
| 4:43 | Queue | Villager (Male) |
| 4:43 | Queue | Villager (Male) |
| 4:57 | Build | Barracks |
| 5:14 | Queue | Villager (Male) |
| 5:37 | Queue | Villager (Male) |
| 5:45 | Build | House |
| 5:57 | Build | Mining Camp |
| 6:03 | Build | House |
| 6:08 | Research | Loom |
| 6:42 | Research | Feudal Age |
| 6:43 | Research | Feudal Age |
| 6:50 | Queue | Militia |
| 7:06 | Queue | Militia |
| 7:14 | Build | Mill |
| 7:17 | Queue | Militia |
| 7:51 | Build | Lumber Camp |
| 8:08 | Build | House |
| 8:22 | Queue | Villager (Male) |
| 8:52 | Age | Feudal Age |
| 8:59 | Research | Man-at-Arms (upgrade) |
| 9:12 | Queue | Villager (Male) |
| 9:17 | Queue | Villager (Male) |
Build order — NOC | shiXo.#
37 actions detected in the replay
| 0:00 | Queue | Villager (Male) |
| 0:00 | Queue | Villager (Male) |
| 0:01 | Build | House |
| 0:02 | Build | House |
| 0:04 | Queue | Villager (Male) |
| 0:06 | Queue | Villager (Male) |
| 0:06 | Queue | Villager (Male) |
| 1:07 | Queue | Villager (Male) |
| 2:01 | Queue | Villager (Male) |
| 2:02 | Queue | Villager (Male) |
| 2:16 | Queue | Villager (Male) |
| 2:37 | Build | Lumber Camp |
| 2:42 | Queue | Villager (Male) |
| 2:43 | Queue | Villager (Male) |
| 2:52 | Queue | Villager (Male) |
| 3:31 | Queue | Villager (Male) |
| 3:40 | Build | House |
| 4:09 | Queue | Villager (Male) |
| 4:29 | Queue | Villager (Male) |
| 4:33 | Queue | Villager (Male) |
| 5:20 | Queue | Villager (Male) |
| 5:39 | Queue | Villager (Male) |
| 5:46 | Build | Mill |
| 6:09 | Research | Loom |
| 6:31 | Research | Feudal Age |
| 6:48 | Build | House |
| 7:10 | Build | Lumber Camp |
| 7:40 | Build | House |
| 7:41 | Build | Palisade Wall |
| 8:12 | Build | Palisade Wall |
| 8:12 | Build | Palisade Wall |
| 8:24 | Queue | Villager (Male) |
| 8:43 | Build | Barracks |
| 8:46 | Build | House |
| 8:47 | Build | Palisade Wall |
| 8:50 | Age | Feudal Age |
| 9:11 | Build | Barracks |
Match timeline
| 4:57 | CNZS_98T · first_building Barracks |
| 7:41 | NOC | shiXo.# · wall_segment Palisade Wall x5 |
| 8:12 | NOC | shiXo.# · wall_segment Palisade Wall x1 |
| 8:12 | NOC | shiXo.# · wall_segment Palisade Wall x1 |
| 8:43 | NOC | shiXo.# · first_building Barracks |
| 8:47 | NOC | shiXo.# · wall_segment Palisade Wall x1 |
| 8:50 | NOC | shiXo.# · age_up feudal |
| 8:52 | CNZS_98T · age_up feudal |
| 9:22 | NOC | shiXo.# · resign |
[ AI ANALYSIS · 1 CREDIT ]
What really happened in this match?
Wolo.gg analyzes every decision: build order, eco, micro, common mistakes by bracket. Personalized analysis on WhatsApp or Discord in 30 seconds.
Civ guide
Japanese
Perfil
Jibatong (CNZS_98T)